[ AOE2 MATCH · #487411044 ]
UnrankedCumans vs Persians
[ REPLAY ANALYSIS · EXTRACTED FROM THE RECORDED GAME ]
Feudal
8:45
Castle
25:54
Imperial
36:46
| APM avg | 22.6 |
| APM peak | 49 |
| eAPM avg | 15.1 |
| Villagers / military | 148 / 789 |
Focus
⚔️ 41.7% · 🌾 58.3%
Spearman ×517 · Scout Cavalry ×195 · Steppe Lancer ×55 · Battering Ram ×18 · Trebuchet (Packed) ×4
Feudal
10:01
Castle
14:44
Imperial
27:38
| APM avg | 56.5 |
| APM peak | 108 |
| eAPM avg | 30.0 |
| Villagers / military | 154 / 414 |
Focus
⚔️ 46.3% · 🌾 53.7%
Archer ×133 · Knight ×127 · Hand Cannoneer ×114 · Trebuchet (Packed) ×20 · Scout Cavalry ×19 · Battering Ram ×1
Feudal
9:24
Castle
23:03
Imperial
40:20
| APM avg | 31.2 |
| APM peak | 88 |
| eAPM avg | 23.1 |
| Villagers / military | 166 / 143 |
Focus
⚔️ 33.6% · 🌾 66.4%
Fire Lancer ×68 · Skirmisher ×55 · Petard ×11 · Hand Cannoneer ×9
Feudal
11:10
Castle
27:02
Imperial
45:42
| APM avg | 43.0 |
| APM peak | 89 |
| eAPM avg | 24.2 |
| Villagers / military | 161 / 208 |
Focus
⚔️ 19.0% · 🌾 81.0%
Skirmisher ×130 · Knight ×36 · Scout Cavalry ×25 · Monk ×10 · Scorpion ×4 · Battering Ram ×3
Feudal
10:31
Castle
14:07
Imperial
37:16
| APM avg | 66.4 |
| APM peak | 102 |
| eAPM avg | 38.0 |
| Villagers / military | 235 / 450 |
Focus
⚔️ 43.2% · 🌾 56.8%
Spearman ×350 · Conquistador ×35 · Battering Ram ×34 · Mangonel ×14 · Monk ×8 · Petard ×4
Feudal
9:51
Castle
13:54
Imperial
41:48
| APM avg | 18.3 |
| APM peak | 50 |
| eAPM avg | 13.7 |
| Villagers / military | 154 / 193 |
Focus
⚔️ 26.6% · 🌾 73.4%
Ballista Elephant ×110 · Spearman ×46 · Scorpion ×15 · Monk ×7 · Knight ×6 · Battering Ram ×6
Match map
Initial resources + every placement click. Lines = walls · curves = elevation contours. ◆ gold · ⬟ stone · ● berries · ✦ relic · ◌ wall gap
Your base· ✓ Closed at 25:54 · 0t walls · 2 gate(s)
ZEAN430's base· ✓ Closed at 14:44 · 0t walls · 2 gate(s)
PSX | King's base· ✓ Closed at 23:03 · 0t walls · 2 gate(s)
krlosn1's base· ✓ Closed at 27:02 · 20t walls · 5 gate(s)
elpanchovilla14's base· ✓ Closed at 14:07 · 7t walls · 4 gate(s)
CTM | Franco*'s base· ✓ Closed at 13:54 · 0t walls · 3 gate(s)
Smoothed initial terrain · ◌ = detected wall gap · hover for details
Inputs per minute
— Alejandrito - - ZEAN430
Build order — Alejandrito
First 150 of 529 actions detected
| 0:00 | Queue | Villager (Male) |
| 0:01 | Queue | Villager (Male) |
| 0:02 | Build | House |
| 0:04 | Build | House |
| 0:24 | Queue | Villager (Male) |
| 0:24 | Queue | Villager (Male) |
| 1:25 | Queue | Villager (Male) |
| 1:46 | Build | Lumber Camp |
| 1:48 | Queue | Villager (Male) |
| 2:26 | Queue | Villager (Male) |
| 2:50 | Build | House |
| 2:56 | Queue | Villager (Male) |
| 2:56 | Queue | Villager (Male) |
| 3:11 | Queue | Villager (Male) |
| 3:37 | Queue | Villager (Male) |
| 3:37 | Queue | Villager (Male) |
| 4:48 | Queue | Villager (Male) |
| 4:49 | Queue | Villager (Male) |
| 4:49 | Queue | Villager (Male) |
| 5:17 | Build | Mill |
| 5:27 | Queue | Villager (Male) |
| 5:27 | Queue | Villager (Male) |
| 5:28 | Queue | Villager (Male) |
| 5:28 | Queue | Villager (Male) |
| 5:28 | Queue | Villager (Male) |
| 5:28 | Queue | Villager (Male) |
| 6:35 | Research | Feudal Age |
| 8:03 | Queue | Villager (Male) ×3 |
| 8:45 | Age | Feudal Age |
| 9:05 | Build | Town Center |
| 9:17 | Research | Loom |
| 9:22 | Build | House |
| 9:25 | Build | House |
| 10:06 | Queue | Villager (Male) |
| 10:06 | Queue | Villager (Male) |
| 10:15 | Research | Double-Bit Axe |
| 10:27 | Research | Horse Collar |
| 10:33 | Queue | Villager (Male) |
| 10:33 | Queue | Villager (Male) |
| 10:33 | Queue | Villager (Male) |
| 10:54 | Build | Farm |
| 10:57 | Build | Farm |
| 11:03 | Build | Farm |
| 11:06 | Build | Farm |
| 11:24 | Build | Farm |
| 11:34 | Queue | Villager (Male) |
| 11:34 | Queue | Villager (Male) |
| 11:35 | Queue | Villager (Male) |
| 11:36 | Queue | Villager (Male) |
| 11:39 | Queue | Villager (Male) |
| 11:57 | Queue | Villager (Male) |
| 12:09 | Build | House |
| 12:10 | Build | House |
| 12:11 | Build | House |
| 12:13 | Build | House |
| 12:14 | Build | House |
| 12:15 | Build | House |
| 12:16 | Queue | Villager (Male) |
| 12:26 | Build | Farm |
| 12:27 | Queue | Villager (Male) |
| 12:37 | Queue | Villager (Male) |
| 12:57 | Queue | Villager (Male) |
| 12:57 | Queue | Villager (Male) |
| 12:57 | Queue | Villager (Male) |
| 13:15 | Build | Farm |
| 13:16 | Build | Farm |
| 13:20 | Build | Farm |
| 13:27 | Build | Farm |
| 13:29 | Queue | Villager (Male) |
| 13:29 | Queue | Villager (Male) |
| 13:30 | Queue | Villager (Male) |
| 13:30 | Queue | Villager (Male) |
| 13:30 | Queue | Villager (Male) |
| 13:33 | Queue | Villager (Male) |
| 13:35 | Queue | Villager (Male) |
| 13:48 | Queue | Villager (Male) |
| 13:48 | Queue | Villager (Male) |
| 14:02 | Build | Farm |
| 14:06 | Build | Farm |
| 14:12 | Queue | Villager (Male) |
| 14:12 | Queue | Villager (Male) |
| 14:13 | Queue | Villager (Male) |
| 14:13 | Queue | Villager (Male) |
| 14:36 | Queue | Villager (Male) |
| 14:36 | Queue | Villager (Male) |
| 14:39 | Build | Farm |
| 14:40 | Build | Farm |
| 14:43 | Build | Farm |
| 14:47 | Build | Farm |
| 14:50 | Queue | Villager (Male) |
| 14:59 | Build | House |
| 15:11 | Build | Blacksmith |
| 15:13 | Queue | Villager (Male) |
| 15:14 | Queue | Villager (Male) |
| 15:14 | Queue | Villager (Male) |
| 15:14 | Queue | Villager (Male) |
| 15:51 | Queue | Villager (Male) |
| 15:51 | Queue | Villager (Male) |
| 15:51 | Queue | Villager (Male) |
| 15:51 | Queue | Villager (Male) |
| 16:30 | Queue | Villager (Male) |
| 16:31 | Queue | Villager (Male) |
| 16:31 | Queue | Villager (Male) |
| 16:31 | Queue | Villager (Male) |
| 16:31 | Queue | Villager (Male) |
| 16:40 | Build | House |
| 16:41 | Build | House |
| 16:43 | Build | House |
| 16:46 | Build | House |
| 16:52 | Queue | Villager (Male) |
| 16:52 | Queue | Villager (Male) |
| 16:52 | Queue | Villager (Male) |
| 16:53 | Queue | Villager (Male) |
| 16:58 | Build | Farm |
| 17:01 | Build | Farm |
| 17:04 | Queue | Villager (Male) |
| 17:07 | Build | Mill |
| 17:08 | Build | Farm |
| 17:09 | Build | Farm |
| 17:09 | Build | Farm |
| 17:09 | Build | Farm |
| 17:10 | Build | Farm |
| 17:10 | Build | Farm |
| 17:10 | Build | Farm |
| 17:10 | Build | Farm |
| 17:11 | Build | Farm |
| 17:11 | Build | Farm |
| 17:12 | Queue | Villager (Male) |
| 17:12 | Queue | Villager (Male) |
| 17:13 | Queue | Villager (Male) |
| 17:29 | Build | Farm |
| 17:32 | Build | Farm |
| 17:41 | Build | Farm |
| 17:50 | Build | Mining Camp |
| 18:15 | Build | House |
| 18:17 | Build | House |
| 18:23 | Research | Wheelbarrow |
| 18:35 | Build | Mining Camp |
| 18:44 | Build | House |
| 18:46 | Build | House |
| 18:47 | Build | House |
| 18:49 | Build | House |
| 19:03 | Build | Farm |
| 19:18 | Build | Farm |
| 19:32 | Queue | Villager (Male) |
| 19:51 | Queue | Villager (Male) |
| 20:06 | Build | Barracks |
| 20:10 | Research | Scale Mail Armor |
| 20:18 | Build | Siege Workshop |
| 20:23 | Queue | Villager (Male) |
Build order — ZEAN430
First 150 of 829 actions detected
| 0:00 | Queue | Villager (Male) |
| 0:01 | Queue | Villager (Male) |
| 0:03 | Build | House |
| 0:05 | Build | House |
| 0:21 | Queue | Villager (Male) |
| 0:21 | Queue | Villager (Male) |
| 0:21 | Queue | Villager (Male) |
| 1:27 | Queue | Villager (Male) |
| 1:44 | Build | Lumber Camp |
| 1:59 | Queue | Villager (Male) |
| 2:17 | Queue | Villager (Male) |
| 2:17 | Queue | Villager (Male) |
| 2:17 | Queue | Villager (Male) |
| 2:18 | Queue | Villager (Male) |
| 2:48 | Queue | Villager (Male) |
| 2:49 | Queue | Villager (Male) |
| 2:49 | Queue | Villager (Male) |
| 3:11 | Queue | Villager (Male) |
| 3:32 | Build | House |
| 3:42 | Build | Mill |
| 3:57 | Queue | Villager (Male) |
| 3:57 | Queue | Villager (Male) |
| 4:30 | Queue | Villager (Male) |
| 4:59 | Build | House |
| 5:05 | Queue | Villager (Male) |
| 5:06 | Queue | Villager (Male) |
| 5:07 | Queue | Villager (Male) |
| 5:07 | Queue | Villager (Male) |
| 6:12 | Queue | Villager (Male) |
| 6:36 | Queue | Villager (Male) |
| 6:51 | Build | Mining Camp |
| 7:07 | Queue | Villager (Male) |
| 7:30 | Queue | Villager (Male) |
| 7:45 | Build | Mill |
| 7:52 | Research | Feudal Age |
| 8:00 | Build | Farm |
| 9:38 | Build | Farm |
| 9:44 | Build | Farm |
| 9:56 | Queue | Villager (Male) |
| 10:01 | Age | Feudal Age |
| 10:14 | Queue | Villager (Male) |
| 10:27 | Build | Blacksmith |
| 10:33 | Research | Loom |
| 10:47 | Build | House |
| 10:56 | Queue | Villager (Male) |
| 10:58 | Queue | Villager (Male) |
| 11:43 | Build | Market |
| 11:50 | Queue | Villager (Male) |
| 12:15 | Build | House |
| 12:18 | Research | Castle Age |
| 12:18 | Research | Castle Age |
| 12:19 | Research | Castle Age |
| 12:57 | Build | House |
| 13:02 | Research | Double-Bit Axe |
| 13:05 | Research | Horse Collar |
| 13:05 | Research | Horse Collar |
| 14:26 | Queue | Villager (Male) |
| 14:44 | Age | Castle Age |
| 14:47 | Build | Town Center |
| 14:56 | Build | Town Center |
| 15:03 | Queue | Villager (Male) |
| 15:10 | Research | Bow Saw |
| 15:10 | Research | Bow Saw |
| 15:43 | Queue | Villager (Male) |
| 15:46 | Queue | Villager (Male) |
| 15:48 | Research | Heavy Plow |
| 15:48 | Research | Heavy Plow |
| 16:00 | Build | Farm |
| 16:05 | Build | Farm |
| 16:06 | Queue | Villager (Male) |
| 16:30 | Build | Farm |
| 16:32 | Build | Farm |
| 16:34 | Build | Farm |
| 16:37 | Build | Farm |
| 16:42 | Build | Farm |
| 16:45 | Queue | Villager (Male) |
| 17:02 | Build | Farm |
| 17:05 | Build | Farm |
| 17:07 | Queue | Villager (Male) |
| 17:13 | Build | Farm |
| 17:23 | Build | Farm |
| 17:29 | Build | Farm |
| 17:34 | Queue | Villager (Male) |
| 17:34 | Queue | Villager (Male) |
| 17:43 | Build | Farm |
| 17:56 | Queue | Villager (Male) |
| 17:56 | Queue | Villager (Male) |
| 18:03 | Queue | Villager (Male) |
| 18:07 | Build | Farm |
| 18:11 | Build | Farm |
| 18:17 | Build | Farm |
| 18:19 | Build | Farm |
| 18:20 | Queue | Villager (Male) |
| 18:24 | Queue | Villager (Male) |
| 18:28 | Build | Farm |
| 18:31 | Queue | Villager (Male) |
| 18:36 | Build | Farm |
| 18:41 | Queue | Villager (Male) |
| 18:52 | Build | Farm |
| 18:53 | Queue | Villager (Male) |
| 18:56 | Queue | Villager (Male) |
| 19:08 | Queue | Villager (Male) |
| 19:15 | Build | Farm |
| 19:17 | Build | Farm |
| 19:18 | Queue | Villager (Male) |
| 19:19 | Queue | Villager (Male) |
| 19:23 | Queue | Villager (Male) |
| 19:34 | Queue | Villager (Male) |
| 19:40 | Queue | Villager (Male) |
| 19:42 | Build | House |
| 19:54 | Research | Wheelbarrow |
| 19:54 | Research | Wheelbarrow |
| 19:58 | Build | Farm |
| 20:02 | Build | House |
| 20:03 | Build | House |
| 20:11 | Queue | Villager (Male) |
| 20:12 | Queue | Villager (Male) |
| 20:15 | Build | Farm |
| 20:15 | Build | Farm |
| 20:15 | Build | Farm |
| 20:20 | Build | Farm |
| 20:22 | Queue | Villager (Male) |
| 20:25 | Queue | Villager (Male) |
| 20:27 | Queue | Villager (Male) |
| 20:37 | Queue | Villager (Male) |
| 20:46 | Build | Town Center |
| 20:52 | Queue | Villager (Male) |
| 20:53 | Queue | Villager (Male) |
| 20:59 | Build | Farm |
| 21:03 | Queue | Villager (Male) |
| 21:04 | Queue | Villager (Male) |
| 21:14 | Queue | Villager (Male) |
| 21:16 | Queue | Villager (Male) |
| 21:27 | Queue | Villager (Male) |
| 21:29 | Queue | Villager (Male) |
| 21:31 | Queue | Villager (Male) |
| 21:36 | Build | Farm |
| 21:39 | Build | Farm |
| 21:40 | Queue | Villager (Male) |
| 21:41 | Queue | Villager (Male) |
| 21:41 | Queue | Villager (Male) |
| 21:50 | Build | Monastery |
| 21:55 | Queue | Villager (Male) |
| 21:58 | Build | Farm |
| 21:59 | Queue | Villager (Male) |
| 22:01 | Queue | Villager (Male) |
| 22:06 | Build | Lumber Camp |
| 22:10 | Build | House |
| 22:13 | Build | House |
| 22:19 | Queue | Villager (Male) |
Build order — PSX | King
First 150 of 465 actions detected
| 0:00 | Queue | Villager (Male) |
| 0:00 | Queue | Villager (Male) |
| 0:00 | Queue | Villager (Male) |
| 0:02 | Build | House |
| 0:03 | Build | House |
| 0:14 | Queue | Villager (Male) |
| 1:25 | Queue | Villager (Male) |
| 1:50 | Build | Lumber Camp |
| 1:58 | Queue | Villager (Male) |
| 2:13 | Queue | Villager (Male) |
| 2:13 | Queue | Villager (Male) |
| 2:41 | Queue | Villager (Male) |
| 3:03 | Build | House |
| 3:06 | Queue | Villager (Male) |
| 3:26 | Queue | Villager (Male) |
| 3:58 | Queue | Villager (Male) |
| 4:19 | Queue | Villager (Male) |
| 4:40 | Queue | Villager (Male) |
| 4:40 | Queue | Villager (Male) |
| 4:54 | Queue | Villager (Male) |
| 5:28 | Build | Mill |
| 5:36 | Queue | Villager (Male) |
| 5:38 | Queue | Villager (Male) |
| 6:13 | Queue | Villager (Male) |
| 6:16 | Research | Loom |
| 7:14 | Research | Feudal Age |
| 7:36 | Build | Mining Camp |
| 7:41 | Build | House |
| 7:48 | Queue | Villager (Male) |
| 8:40 | Build | House |
| 9:24 | Age | Feudal Age |
| 9:25 | Build | Blacksmith |
| 9:27 | Build | House |
| 9:28 | Build | House |
| 9:28 | Research | Double-Bit Axe |
| 9:32 | Build | Watch Tower |
| 9:41 | Queue | Villager (Male) |
| 10:12 | Queue | Villager (Male) |
| 10:14 | Research | Fletching |
| 10:20 | Build | Farm |
| 10:27 | Queue | Villager (Male) |
| 10:44 | Build | Farm |
| 10:53 | Queue | Villager (Male) |
| 11:05 | Queue | Villager (Male) |
| 11:32 | Build | Watch Tower |
| 11:38 | Queue | Villager (Male) |
| 11:50 | Queue | Villager (Male) |
| 11:53 | Build | Farm |
| 12:18 | Queue | Villager (Male) |
| 12:24 | Build | Watch Tower |
| 12:49 | Queue | Villager (Male) |
| 12:53 | Build | Farm |
| 12:53 | Build | Farm |
| 13:09 | Queue | Villager (Male) |
| 13:16 | Queue | Villager (Male) |
| 13:41 | Queue | Villager (Male) |
| 14:00 | Queue | Villager (Male) |
| 14:16 | Build | Farm |
| 14:18 | Build | Mining Camp |
| 14:21 | Build | House |
| 14:22 | Build | House |
| 14:47 | Build | Watch Tower |
| 15:01 | Queue | Villager (Male) |
| 15:21 | Queue | Villager (Male) |
| 15:39 | Build | Watch Tower |
| 15:42 | Queue | Villager (Male) |
| 15:44 | Build | Farm |
| 15:47 | Queue | Villager (Male) |
| 15:59 | Build | Watch Tower |
| 16:00 | Queue | Villager (Male) |
| 16:05 | Queue | Villager (Male) |
| 16:11 | Build | Farm |
| 16:14 | Build | Farm |
| 16:15 | Queue | Villager (Male) |
| 16:25 | Queue | Villager (Male) |
| 17:14 | Queue | Villager (Male) |
| 17:34 | Build | Market |
| 17:46 | Queue | Villager (Male) |
| 18:03 | Queue | Villager (Male) |
| 18:28 | Queue | Villager (Male) |
| 18:38 | Queue | Villager (Male) |
| 18:42 | Build | House |
| 18:47 | Build | Farm |
| 18:48 | Build | Farm |
| 19:37 | Queue | Villager (Male) |
| 19:43 | Build | Mining Camp |
| 19:46 | Build | Lumber Camp |
| 19:52 | Queue | Villager (Male) |
| 20:21 | Research | Castle Age |
| 21:19 | Queue | Villager (Male) |
| 21:45 | Queue | Villager (Male) |
| 21:45 | Queue | Villager (Male) |
| 22:15 | Build | Farm |
| 22:16 | Build | Farm |
| 22:18 | Research | Horse Collar |
| 22:18 | Research | Gold Mining |
| 22:45 | Build | Watch Tower |
| 23:03 | Age | Castle Age |
| 23:05 | Build | University |
| 23:06 | Research | Bodkin Arrow |
| 23:55 | Research | Bow Saw |
| 24:01 | Build | Farm |
| 24:01 | Build | Farm |
| 24:13 | Queue | Villager (Male) |
| 24:18 | Build | Farm |
| 24:42 | Research | Murder Holes |
| 24:51 | Queue | Villager (Male) |
| 25:00 | Research | Ballistics |
| 25:49 | Queue | Villager (Male) |
| 25:49 | Queue | Villager (Male) |
| 26:10 | Build | Castle |
| 26:14 | Build | House |
| 26:28 | Queue | Villager (Male) |
| 26:28 | Queue | Villager (Male) |
| 26:34 | Research | Fortified Wall (upgrade) |
| 26:39 | Research | Masonry |
| 26:53 | Queue | Villager (Male) |
| 26:53 | Queue | Villager (Male) |
| 26:59 | Build | Farm |
| 27:00 | Build | Farm |
| 27:34 | Build | Barracks |
| 27:35 | Build | Barracks |
| 27:36 | Research | Scale Mail Armor |
| 27:37 | Queue | Villager (Male) |
| 27:37 | Queue | Villager (Male) |
| 27:39 | Build | Farm |
| 27:55 | Queue | Villager (Male) |
| 27:57 | Queue | Petard |
| 27:57 | Queue | Petard |
| 27:58 | Queue | Petard |
| 28:04 | Build | Farm |
| 28:05 | Build | Farm |
| 28:06 | Build | Farm |
| 28:08 | Build | Farm |
| 28:20 | Build | Barracks |
| 28:31 | Queue | Petard |
| 28:31 | Queue | Petard |
| 28:32 | Queue | Villager (Male) |
| 28:40 | Build | Mining Camp |
| 28:54 | Build | Watch Tower |
| 28:59 | Queue | Petard |
| 28:59 | Queue | Petard |
| 29:14 | Build | Farm |
| 29:20 | Build | Farm |
| 29:20 | Build | Farm |
| 29:20 | Build | Farm |
| 29:21 | Build | Farm |
| 29:23 | Build | Farm |
| 29:40 | Research | Squires |
| 29:41 | Research | Gambesons |
Build order — krlosn1
First 150 of 447 actions detected
| 0:01 | Queue | Villager (Male) |
| 0:01 | Queue | Villager (Male) |
| 0:03 | Build | House |
| 0:05 | Build | House |
| 0:08 | Queue | Villager (Male) |
| 0:08 | Queue | Villager (Male) |
| 0:09 | Queue | Villager (Male) |
| 0:09 | Queue | Villager (Male) |
| 1:25 | Queue | Villager (Male) |
| 1:25 | Queue | Villager (Male) |
| 1:46 | Build | Lumber Camp |
| 2:03 | Queue | Villager (Male) |
| 2:22 | Queue | Villager (Male) |
| 2:22 | Queue | Villager (Male) |
| 2:58 | Queue | Villager (Male) |
| 3:05 | Queue | Villager (Male) |
| 3:41 | Queue | Villager (Male) |
| 3:51 | Build | House |
| 3:59 | Queue | Villager (Male) |
| 4:00 | Queue | Villager (Male) |
| 4:17 | Build | House |
| 4:42 | Build | Mill |
| 5:31 | Queue | Villager (Male) |
| 5:31 | Queue | Villager (Male) |
| 5:31 | Queue | Villager (Male) |
| 5:31 | Queue | Villager (Male) |
| 5:37 | Queue | Villager (Male) |
| 5:39 | Queue | Villager (Male) |
| 7:45 | Queue | Villager (Male) |
| 8:04 | Queue | Villager (Male) |
| 8:21 | Queue | Villager (Male) |
| 8:24 | Build | Mill |
| 8:59 | Research | Feudal Age |
| 9:04 | Build | Mining Camp |
| 9:19 | Build | Farm |
| 9:27 | Build | House |
| 9:41 | Build | Palisade Wall |
| 9:47 | Build | Palisade Wall |
| 9:58 | Build | Palisade Wall |
| 10:22 | Queue | Villager (Male) |
| 10:29 | Build | Mining Camp |
| 10:56 | Build | House |
| 11:08 | Build | House |
| 11:10 | Age | Feudal Age |
| 11:12 | Queue | Villager (Male) |
| 11:36 | Build | Watch Tower |
| 11:45 | Queue | Villager (Male) |
| 11:55 | Build | Blacksmith |
| 12:31 | Research | Fletching |
| 12:35 | Queue | Villager (Male) |
| 12:40 | Queue | Villager (Male) |
| 13:20 | Build | Watch Tower |
| 13:28 | Queue | Villager (Male) |
| 13:36 | Build | Barracks |
| 13:42 | Research | Loom |
| 13:45 | Build | Farm |
| 13:47 | Queue | Villager (Male) |
| 14:29 | Build | Farm |
| 14:38 | Build | Stable |
| 14:44 | Queue | Villager (Male) |
| 14:45 | Queue | Villager (Male) |
| 14:55 | Build | Watch Tower |
| 15:42 | Queue | Villager (Male) |
| 16:33 | Queue | Villager (Male) |
| 16:42 | Queue | Villager (Male) |
| 17:04 | Queue | Villager (Male) |
| 17:26 | Build | House |
| 18:01 | Queue | Villager (Male) |
| 18:52 | Queue | Villager (Male) |
| 18:52 | Queue | Villager (Male) |
| 18:52 | Queue | Villager (Male) |
| 19:48 | Queue | Villager (Male) |
| 19:59 | Queue | Scout Cavalry |
| 19:59 | Queue | Scout Cavalry |
| 19:59 | Queue | Scout Cavalry |
| 20:15 | Research | Scale Barding Armor |
| 20:32 | Build | House |
| 21:50 | Queue | Villager (Male) |
| 21:55 | Build | Farm |
| 21:56 | Build | Farm |
| 21:57 | Build | Farm |
| 21:58 | Build | Farm |
| 21:59 | Build | Farm |
| 22:25 | Build | Market |
| 22:27 | Queue | Villager (Male) |
| 22:37 | Build | Farm |
| 22:49 | Queue | Scout Cavalry |
| 22:49 | Queue | Scout Cavalry |
| 23:38 | Build | Mining Camp |
| 24:22 | Research | Castle Age |
| 24:38 | Build | Watch Tower |
| 24:59 | Build | Mining Camp |
| 25:10 | Build | House |
| 25:16 | Build | House |
| 25:26 | Build | House |
| 25:53 | Build | Palisade Gate |
| 26:01 | Build | Palisade Gate |
| 26:53 | Build | House |
| 27:02 | Age | Castle Age |
| 27:10 | Build | Castle |
| 27:19 | Build | Lumber Camp |
| 27:31 | Queue | Villager (Male) |
| 27:32 | Queue | Villager (Male) |
| 28:05 | Queue | Villager (Male) |
| 28:09 | Build | Farm |
| 28:21 | Build | Monastery |
| 28:22 | Queue | Villager (Male) |
| 28:45 | Build | Gate |
| 29:01 | Queue | Monk |
| 29:01 | Queue | Monk |
| 29:16 | Queue | Villager (Male) |
| 29:17 | Queue | Villager (Male) |
| 29:17 | Queue | Villager (Male) |
| 29:26 | Build | Siege Workshop |
| 29:55 | Build | Watch Tower |
| 30:00 | Queue | Monk |
| 30:04 | Queue | Villager (Male) |
| 30:36 | Build | Stone Wall |
| 30:40 | Queue | Villager (Male) |
| 30:46 | Build | Mill |
| 30:59 | Queue | Battering Ram |
| 31:00 | Queue | Battering Ram |
| 31:07 | Build | Farm |
| 31:09 | Build | Farm |
| 31:09 | Build | Farm |
| 31:10 | Build | Farm |
| 31:15 | Build | Farm |
| 31:23 | Queue | Battering Ram |
| 31:38 | Build | Farm |
| 31:41 | Build | Farm |
| 31:44 | Build | Farm |
| 31:45 | Queue | Villager (Male) |
| 31:58 | Build | Farm |
| 32:03 | Queue | Villager (Male) |
| 32:16 | Build | Farm |
| 33:03 | Build | Stone Wall |
| 33:05 | Queue | Villager (Male) |
| 33:10 | Build | Farm |
| 33:11 | Build | Farm |
| 33:12 | Build | Farm |
| 33:15 | Queue | Monk |
| 33:18 | Research | Sanctity |
| 33:20 | Build | House |
| 33:35 | Build | Farm |
| 34:06 | Build | Town Center |
| 34:11 | Build | House |
| 34:12 | Build | House |
| 34:16 | Build | Farm |
| 34:31 | Queue | Monk |
| 34:32 | Queue | Monk |
Build order — elpanchovilla14
First 150 of 973 actions detected
| 0:01 | Queue | Villager (Male) |
| 0:01 | Queue | Villager (Male) |
| 0:01 | Queue | Villager (Male) |
| 0:04 | Build | House |
| 0:06 | Build | House |
| 0:07 | Build | House |
| 0:12 | Queue | Villager (Male) |
| 1:23 | Queue | Villager (Male) |
| 1:46 | Build | Lumber Camp |
| 1:51 | Queue | Villager (Male) |
| 1:51 | Queue | Villager (Male) |
| 2:16 | Queue | Villager (Male) |
| 2:47 | Queue | Villager (Male) |
| 2:59 | Queue | Villager (Male) |
| 3:33 | Build | Palisade Wall |
| 3:35 | Build | Palisade Wall |
| 3:36 | Queue | Villager (Male) |
| 3:48 | Build | Palisade Wall |
| 3:52 | Build | Palisade Gate |
| 3:56 | Build | Palisade Wall |
| 4:01 | Queue | Villager (Male) |
| 4:02 | Queue | Villager (Male) |
| 4:43 | Build | Palisade Wall |
| 4:44 | Queue | Villager (Male) |
| 4:45 | Build | Palisade Wall |
| 4:46 | Build | Palisade Wall |
| 4:52 | Build | Palisade Gate |
| 5:07 | Build | Mill |
| 5:12 | Queue | Villager (Male) |
| 5:13 | Queue | Villager (Male) |
| 5:13 | Queue | Villager (Male) |
| 5:44 | Build | House |
| 6:01 | Queue | Villager (Male) |
| 6:02 | Queue | Villager (Male) |
| 6:20 | Queue | Villager (Male) |
| 6:22 | Queue | Villager (Male) |
| 6:31 | Build | Farm |
| 6:43 | Queue | Villager (Male) |
| 6:51 | Build | Farm |
| 7:44 | Build | Farm |
| 8:11 | Queue | Villager (Male) |
| 8:17 | Research | Feudal Age |
| 9:12 | Build | House |
| 9:14 | Build | Mining Camp |
| 9:34 | Queue | Villager (Male) |
| 10:31 | Age | Feudal Age |
| 10:36 | Build | Market |
| 10:46 | Build | Blacksmith |
| 10:53 | Queue | Villager (Male) |
| 11:27 | Research | Castle Age |
| 11:43 | Research | Double-Bit Axe |
| 13:01 | Research | Horse Collar |
| 13:02 | Research | Gold Mining |
| 13:02 | Research | Gold Mining |
| 13:19 | Queue | Villager (Male) |
| 14:05 | Build | Farm |
| 14:07 | Age | Castle Age |
| 14:12 | Queue | Villager (Male) |
| 14:21 | Build | Monastery |
| 14:26 | Queue | Villager (Male) |
| 14:30 | Build | Castle |
| 14:30 | Queue | Villager (Male) |
| 14:35 | Build | Farm |
| 14:37 | Build | Farm |
| 15:32 | Build | Farm |
| 15:38 | Queue | Monk |
| 15:42 | Queue | Conquistador |
| 15:43 | Queue | Villager (Male) |
| 15:48 | Build | Farm |
| 15:50 | Build | Farm |
| 16:04 | Queue | Villager (Male) |
| 16:37 | Queue | Villager (Male) |
| 16:41 | Build | Mining Camp |
| 16:43 | Queue | Villager (Male) |
| 16:57 | Build | Farm |
| 17:04 | Queue | Villager (Male) |
| 17:06 | Queue | Conquistador |
| 17:15 | Queue | Villager (Male) |
| 17:32 | Queue | Conquistador |
| 17:37 | Queue | Conquistador |
| 17:47 | Queue | Villager (Male) |
| 17:58 | Queue | Villager (Male) |
| 18:01 | Queue | Villager (Male) |
| 18:07 | Queue | Villager (Male) |
| 18:25 | Build | Lumber Camp |
| 18:28 | Build | Farm |
| 18:28 | Build | Farm |
| 18:28 | Build | Farm |
| 18:28 | Build | Farm |
| 18:36 | Queue | Villager (Male) |
| 18:37 | Queue | Villager (Male) |
| 18:56 | Queue | Villager (Male) |
| 18:57 | Queue | Monk |
| 19:06 | Queue | Conquistador |
| 19:06 | Queue | Conquistador |
| 19:11 | Queue | Villager (Male) |
| 19:24 | Queue | Villager (Male) |
| 19:37 | Build | Farm |
| 19:38 | Build | Farm |
| 19:40 | Queue | Villager (Male) |
| 19:42 | Queue | Conquistador |
| 19:53 | Queue | Monk |
| 20:04 | Build | Farm |
| 20:05 | Queue | Villager (Male) |
| 20:10 | Queue | Villager (Male) |
| 20:12 | Build | House |
| 20:14 | Build | House |
| 20:15 | Build | Farm |
| 20:33 | Queue | Villager (Male) |
| 20:35 | Build | Farm |
| 20:36 | Build | Farm |
| 20:37 | Queue | Villager (Male) |
| 20:49 | Build | Mining Camp |
| 21:09 | Queue | Conquistador |
| 21:14 | Build | Farm |
| 21:28 | Research | Loom |
| 21:31 | Research | Padded Archer Armor |
| 21:31 | Research | Padded Archer Armor |
| 21:32 | Queue | Villager (Male) |
| 21:34 | Queue | Villager (Male) |
| 21:36 | Queue | Conquistador |
| 21:41 | Queue | Villager (Male) |
| 21:46 | Queue | Villager (Male) |
| 21:49 | Queue | Villager (Male) |
| 21:53 | Queue | Monk |
| 21:57 | Queue | Villager (Male) |
| 22:16 | Build | House |
| 22:19 | Queue | Villager (Male) |
| 22:21 | Queue | Conquistador |
| 22:57 | Queue | Conquistador |
| 23:06 | Build | House |
| 23:18 | Queue | Conquistador |
| 23:19 | Queue | Conquistador |
| 23:20 | Queue | Conquistador |
| 23:21 | Queue | Conquistador |
| 23:24 | Queue | Villager (Male) |
| 23:25 | Build | House |
| 23:31 | Queue | Villager (Male) |
| 23:52 | Queue | Conquistador |
| 24:00 | Build | House |
| 24:04 | Queue | Monk |
| 24:04 | Queue | Monk |
| 24:08 | Research | Wheelbarrow |
| 24:27 | Queue | Villager (Male) |
| 24:28 | Queue | Monk |
| 24:31 | Queue | Villager (Male) |
| 24:44 | Build | Siege Workshop |
| 24:48 | Build | Lumber Camp |
| 24:50 | Queue | Villager (Male) |
| 24:53 | Build | Barracks |
Build order — CTM | Franco*
First 150 of 413 actions detected
| 0:01 | Queue | Villager (Male) |
| 0:01 | Queue | Villager (Male) |
| 0:02 | Queue | Villager (Male) |
| 0:02 | Queue | Villager (Male) |
| 0:07 | Build | House |
| 0:09 | Build | House |
| 1:35 | Queue | Villager (Male) |
| 1:35 | Queue | Villager (Male) |
| 2:08 | Queue | Villager (Male) |
| 2:08 | Queue | Villager (Male) |
| 2:21 | Queue | Villager (Male) |
| 2:26 | Build | Lumber Camp |
| 2:52 | Queue | Villager (Male) |
| 2:59 | Queue | Villager (Male) |
| 3:08 | Build | House |
| 3:09 | Build | House |
| 3:52 | Queue | Villager (Male) |
| 3:52 | Queue | Villager (Male) |
| 4:46 | Queue | Villager (Male) |
| 4:46 | Queue | Villager (Male) |
| 4:59 | Queue | Villager (Male) |
| 4:59 | Queue | Villager (Male) |
| 5:44 | Build | Mill |
| 6:02 | Queue | Villager (Male) |
| 6:10 | Queue | Villager (Male) |
| 6:54 | Queue | Villager (Male) |
| 7:33 | Research | Feudal Age |
| 7:47 | Build | Mining Camp |
| 9:51 | Age | Feudal Age |
| 9:54 | Research | Loom |
| 10:52 | Research | Double-Bit Axe |
| 11:14 | Research | Castle Age |
| 12:07 | Build | Stable |
| 13:10 | Build | House |
| 13:11 | Build | House |
| 13:37 | Build | House |
| 13:54 | Age | Castle Age |
| 13:56 | Queue | Knight |
| 13:56 | Queue | Knight |
| 13:56 | Queue | Knight |
| 14:03 | Queue | Villager (Male) |
| 14:03 | Queue | Villager (Male) |
| 14:15 | Build | Monastery |
| 14:21 | Queue | Villager (Male) |
| 14:32 | Queue | Villager (Male) |
| 15:06 | Queue | Villager (Male) |
| 15:10 | Queue | Monk |
| 15:10 | Queue | Monk |
| 15:17 | Build | Siege Workshop |
| 15:41 | Queue | Villager (Male) |
| 15:48 | Build | Farm |
| 15:53 | Queue | Battering Ram |
| 16:15 | Queue | Villager (Male) |
| 16:19 | Build | Farm |
| 16:54 | Research | Fervor |
| 17:00 | Queue | Knight |
| 17:05 | Build | Farm |
| 17:08 | Build | Farm |
| 17:09 | Build | Farm |
| 17:16 | Queue | Scorpion |
| 17:46 | Queue | Villager (Male) |
| 18:00 | Queue | Scorpion |
| 18:00 | Queue | Scorpion |
| 18:19 | Queue | Scorpion |
| 18:20 | Queue | Villager (Male) |
| 18:23 | Build | Farm |
| 18:30 | Queue | Villager (Male) |
| 18:50 | Queue | Scorpion |
| 18:50 | Queue | Scorpion |
| 19:03 | Queue | Villager (Male) |
| 19:05 | Build | Farm |
| 19:34 | Queue | Villager (Male) |
| 19:37 | Build | Farm |
| 19:42 | Build | Farm |
| 19:44 | Queue | Villager (Male) |
| 20:03 | Build | House |
| 20:04 | Build | House |
| 20:11 | Queue | Villager (Male) |
| 20:17 | Queue | Scorpion |
| 20:18 | Queue | Scorpion |
| 20:28 | Queue | Villager (Male) |
| 20:35 | Build | Farm |
| 20:52 | Build | House |
| 20:54 | Queue | Villager (Male) |
| 21:01 | Queue | Battering Ram |
| 21:01 | Queue | Battering Ram |
| 21:06 | Build | Farm |
| 21:19 | Queue | Knight |
| 21:19 | Queue | Knight |
| 21:27 | Queue | Villager (Male) |
| 21:31 | Build | House |
| 21:32 | Build | House |
| 21:37 | Queue | Villager (Male) |
| 21:43 | Queue | Monk |
| 22:06 | Queue | Battering Ram |
| 22:07 | Queue | Villager (Male) |
| 22:07 | Queue | Villager (Male) |
| 22:19 | Queue | Villager (Male) |
| 23:14 | Queue | Villager (Male) |
| 23:14 | Queue | Villager (Male) |
| 23:15 | Queue | Villager (Male) |
| 23:19 | Build | House |
| 23:21 | Build | House |
| 23:26 | Queue | Monk |
| 23:26 | Queue | Monk |
| 23:30 | Queue | Villager (Male) |
| 23:36 | Build | Town Center |
| 24:03 | Queue | Villager (Male) |
| 24:07 | Research | Bow Saw |
| 24:24 | Build | Mining Camp |
| 24:26 | Queue | Villager (Male) |
| 24:31 | Build | House |
| 24:32 | Build | House |
| 24:49 | Queue | Scorpion |
| 24:49 | Queue | Scorpion |
| 24:50 | Queue | Villager (Male) |
| 24:51 | Queue | Villager (Male) |
| 25:10 | Queue | Villager (Male) |
| 25:11 | Queue | Villager (Male) |
| 25:28 | Queue | Villager (Male) |
| 25:38 | Build | House |
| 25:39 | Build | House |
| 25:41 | Queue | Villager (Male) |
| 26:11 | Queue | Mangonel |
| 26:13 | Queue | Villager (Male) |
| 26:14 | Queue | Villager (Male) |
| 26:14 | Queue | Villager (Male) |
| 26:52 | Queue | Villager (Male) |
| 27:18 | Queue | Villager (Male) |
| 27:19 | Queue | Villager (Male) |
| 27:19 | Queue | Villager (Male) |
| 27:20 | Queue | Villager (Male) |
| 27:36 | Build | Siege Workshop |
| 27:40 | Queue | Villager (Male) |
| 27:42 | Queue | Villager (Male) |
| 28:05 | Build | Market |
| 28:24 | Queue | Scorpion ×5 |
| 28:42 | Build | Castle |
| 29:00 | Research | Wheelbarrow |
| 29:05 | Research | Town Watch |
| 29:12 | Build | Lumber Camp |
| 29:30 | Build | Blacksmith |
| 30:09 | Research | Fletching |
| 30:23 | Build | Farm |
| 30:24 | Build | Farm |
| 30:25 | Build | Farm |
| 30:26 | Build | Farm |
| 30:27 | Build | Farm |
| 30:28 | Build | Farm |
| 30:29 | Build | Farm |
Match timeline
| 3:33 | elpanchovilla14 · wall_segment Palisade Wall x1 |
| 3:35 | elpanchovilla14 · wall_segment Palisade Wall x1 |
| 3:48 | elpanchovilla14 · wall_segment Palisade Wall x1 |
| 3:56 | elpanchovilla14 · wall_segment Palisade Wall x1 |
| 4:43 | elpanchovilla14 · wall_segment Palisade Wall x1 |
| 4:45 | elpanchovilla14 · wall_segment Palisade Wall x1 |
| 4:46 | elpanchovilla14 · wall_segment Palisade Wall x1 |
| 8:45 | Alejandrito · age_up feudal |
| 9:24 | PSX | King · age_up feudal |
| 9:41 | krlosn1 · wall_segment Palisade Wall x8 |
| 9:47 | krlosn1 · wall_segment Palisade Wall x7 |
| 9:51 | CTM | Franco* · age_up feudal |
| 9:58 | krlosn1 · wall_segment Palisade Wall x5 |
| 10:01 | ZEAN430 · age_up feudal |
| 10:31 | elpanchovilla14 · age_up feudal |
| 11:10 | krlosn1 · age_up feudal |
| 11:22 | elpanchovilla14 · first_market_sell 100 stone |
| 12:07 | CTM | Franco* · first_building Stable |
| 13:31 | elpanchovilla14 · first_market_buy 100 stone |
| 13:36 | krlosn1 · first_building Barracks |
| 13:54 | CTM | Franco* · age_up castle |
| 14:07 | elpanchovilla14 · age_up castle |
| 14:15 | CTM | Franco* · first_building Monastery |
| 14:21 | elpanchovilla14 · first_building Monastery |
| 14:30 | elpanchovilla14 · first_building Castle |
| 14:38 | krlosn1 · first_building Stable |
| 14:44 | ZEAN430 · age_up castle |
| 15:17 | CTM | Franco* · first_building Siege Workshop |
| 20:06 | Alejandrito · first_building Barracks |
| 20:18 | Alejandrito · first_building Siege Workshop |
| 21:50 | ZEAN430 · first_building Monastery |
| 23:03 | PSX | King · age_up castle |
| 23:18 | ZEAN430 · first_building Siege Workshop |
| 23:40 | krlosn1 · first_market_sell 100 stone |
| 23:41 | krlosn1 · first_market_buy 100 food |
| 24:23 | PSX | King · first_market_buy 100 food |
| 24:44 | elpanchovilla14 · first_building Siege Workshop |
| 24:53 | elpanchovilla14 · first_building Barracks |
| 25:02 | ZEAN430 · first_building Barracks |
| 25:48 | ZEAN430 · first_building Stable |
| 25:54 | Alejandrito · age_up castle |
| 26:10 | PSX | King · first_building Castle |
| 27:02 | krlosn1 · age_up castle |
| 27:10 | krlosn1 · first_building Castle |
| 27:20 | ZEAN430 · first_building Archery Range |
| 27:34 | PSX | King · first_building Barracks |
| 27:38 | ZEAN430 · age_up imperial |
| 28:07 | elpanchovilla14 · first_building Stable |
| 28:12 | ZEAN430 · first_building Castle |
| 28:21 | krlosn1 · first_building Monastery |
| 28:33 | CTM | Franco* · first_market_buy 100 stone |
| 28:42 | CTM | Franco* · first_building Castle |
| 29:26 | krlosn1 · first_building Siege Workshop |
| 29:37 | ZEAN430 · first_market_sell 100 food |
| 29:38 | Alejandrito · first_building Castle |
| 30:36 | krlosn1 · wall_segment Stone Wall x7 |
| 30:55 | CTM | Franco* · wall_segment Stone Wall x6 |
| 31:57 | Alejandrito · tribute_sent a jugador 1 |
| 31:57 | Alejandrito · tribute_sent a jugador 2 |
| 31:57 | Alejandrito · tribute_sent a jugador 3 |
| 31:57 | Alejandrito · tribute_sent a jugador 5 |
| 31:57 | Alejandrito · tribute_sent a jugador 6 |
| 33:01 | PSX | King · first_building Siege Workshop |
| 33:01 | CTM | Franco* · wall_segment Stone Wall x5 |
| 33:03 | krlosn1 · wall_segment Stone Wall x9 |
| 33:03 | CTM | Franco* · wall_segment Stone Wall x1 |
| 33:29 | ZEAN430 · first_market_buy 100 food |
| 34:36 | Alejandrito · first_building Stable |
| 36:08 | krlosn1 · wall_segment Stone Wall x8 |
| 36:46 | Alejandrito · age_up imperial |
| 37:16 | elpanchovilla14 · age_up imperial |
| 37:25 | Alejandrito · first_market_sell 500 wood |
| 39:21 | CTM | Franco* · wall_segment Stone Wall x12 |
| 40:20 | PSX | King · age_up imperial |
| 40:42 | ZEAN430 · tribute_sent a jugador 2 |
| 40:42 | ZEAN430 · tribute_sent a jugador 3 |
| 40:42 | ZEAN430 · tribute_sent a jugador 4 |
| 40:42 | ZEAN430 · tribute_sent a jugador 5 |
| 40:42 | ZEAN430 · tribute_sent a jugador 6 |
| 41:24 | CTM | Franco* · wall_segment Stone Wall x9 |
| 41:42 | CTM | Franco* · first_market_sell 500 wood |
| 41:48 | CTM | Franco* · age_up imperial |
| 42:12 | PSX | King · first_market_sell 100 stone |
| 42:29 | krlosn1 · wall_segment Stone Wall x1 |
| 42:47 | PSX | King · first_building Archery Range |
| 44:09 | Alejandrito · tribute_sent a jugador 1 |
| 44:09 | Alejandrito · tribute_sent a jugador 2 |
| 44:09 | Alejandrito · tribute_sent a jugador 3 |
| 44:09 | Alejandrito · tribute_sent a jugador 5 |
| 44:09 | Alejandrito · tribute_sent a jugador 6 |
| 45:42 | krlosn1 · age_up imperial |
| 45:48 | PSX | King · wall_segment Stone Wall x1 |
| 48:07 | ZEAN430 · tribute_sent a jugador 2 |
| 48:07 | ZEAN430 · tribute_sent a jugador 3 |
| 48:07 | ZEAN430 · tribute_sent a jugador 4 |
| 48:07 | ZEAN430 · tribute_sent a jugador 5 |
| 48:07 | ZEAN430 · tribute_sent a jugador 6 |
| 51:45 | ZEAN430 · tribute_sent a jugador 2 |
| 51:45 | ZEAN430 · tribute_sent a jugador 3 |
| 51:45 | ZEAN430 · tribute_sent a jugador 4 |
| 51:45 | ZEAN430 · tribute_sent a jugador 5 |
| 51:45 | ZEAN430 · tribute_sent a jugador 6 |
| 53:33 | krlosn1 · first_building Archery Range |
| 54:44 | CTM | Franco* · tribute_sent a jugador 1 |
| 54:44 | CTM | Franco* · tribute_sent a jugador 2 |
| 54:44 | CTM | Franco* · tribute_sent a jugador 3 |
| 54:44 | CTM | Franco* · tribute_sent a jugador 4 |
| 54:44 | CTM | Franco* · tribute_sent a jugador 5 |
| 56:43 | Alejandrito · first_market_buy 100 wood |
| 56:49 | CTM | Franco* · tribute_sent a jugador 1 |
| 56:49 | CTM | Franco* · tribute_sent a jugador 2 |
| 56:49 | CTM | Franco* · tribute_sent a jugador 3 |
| 56:49 | CTM | Franco* · tribute_sent a jugador 4 |
| 56:49 | CTM | Franco* · tribute_sent a jugador 5 |
| 58:04 | CTM | Franco* · first_building Barracks |
| 58:48 | Alejandrito · tribute_sent a jugador 1 |
| 58:48 | Alejandrito · tribute_sent a jugador 2 |
| 58:48 | Alejandrito · tribute_sent a jugador 3 |
| 58:48 | Alejandrito · tribute_sent a jugador 5 |
| 58:48 | Alejandrito · tribute_sent a jugador 6 |
| 62:41 | CTM | Franco* · tribute_sent a jugador 1 |
| 62:41 | CTM | Franco* · tribute_sent a jugador 2 |
| 62:41 | CTM | Franco* · tribute_sent a jugador 3 |
| 62:41 | CTM | Franco* · tribute_sent a jugador 4 |
| 62:41 | CTM | Franco* · tribute_sent a jugador 5 |
| 63:32 | CTM | Franco* · resign |
[ AI ANALYSIS · 1 CREDIT ]
What really happened in this match?
Wolo.gg analyzes every decision: build order, eco, micro, common mistakes by bracket. Personalized analysis on WhatsApp or Discord in 30 seconds.
Civ guide
Cumans
Perfil
Jugador #8581249